 Dungeon Crawl Stone Soup version 0.26.1-11-gd32895ea62 (webtiles) character file.

Game seed: 13843766683600237171

227 Mattiprrivan the Charlatan (level 5, -1/37 HPs)
             Began as a Demonspawn Artificer on Apr 22, 2021.
             Was a Follower of Nemelex Xobeh.
             Engulfed by a cloud of flame (21 damage)
             ... on level 4 of the Dungeon.
             The game lasted 00:30:49 (4054 turns).

Mattiprrivan the Charlatan (Demonspawn Artificer)   Turns: 4054, Time: 00:30:50

Health: -1/37      AC:  5    Str: 13    XL:     5   Next: 70%
Magic:  5/5        EV: 11    Int: 18    God:    Nemelex Xobeh [*.....]
Gold:   221        SH:  0    Dex: 14    Spells: 4/4 levels left

rFire    . . .     SeeInvis .   k - +2 quarterstaff (chaos)
rCold    . . .     Faith    .   (shield currently unavailable)
rNeg     . . .     Spirit   .   b - +1 leather armour
rPois    .         Reflect  .   (helmet restricted)
rElec    .         Harm     .   f - +0 cloak
rCorr    .         Rampage  .   (no gloves)
Will     .....                  (no boots)
Stlth    ++........             (no amulet)
HPRegen  0.12/turn              a - +6 ring of intelligence
MPRegen  0.09/turn              (no ring)

@: no status effects
A: horns 1, foul stench 1, miasma immunity
a: Renounce Religion, Draw Escape, Draw Destruction, Draw Summoning


You were on level 4 of the Dungeon.
You worshipped Nemelex Xobeh.
Nemelex Xobeh was aware of your devotion.
You visited 1 branch of the dungeon, and saw 4 of its levels.

You collected 221 gold pieces.

Inventory:

Hand Weapons
 g - a +2 short sword of freezing
 k - a +2 quarterstaff of chaos (weapon)
 p - a +3 falchion
Missiles
 j - a throwing net (quivered)
 n - 15 poisoned darts
Armour
 b - a +1 leather armour (worn)
 f - a +0 cloak (worn)
Jewellery
 a - a +6 ring of intelligence (left hand)
Wands
 d - a wand of enslavement (8)
 e - a wand of random effects (6)
 o - a wand of polymorph (11)
Scrolls
 c - a scroll of blinking
 i - a scroll of identify
 l - 4 scrolls of teleportation
 m - a scroll of fog
Potions
 h - a potion of curing


   Skills:
 * Level 1.5 Fighting
 * Level 1.4(1.6) Short Blades
 * Level 1.0(1.3) Long Blades
 * Level 1.0(1.4) Axes
 * Level 0.8(1.3) Maces & Flails
 * Level 1.2(1.6) Polearms
 * Level 1.1(1.6) Staves
 * Level 0.1 Throwing
 * Level 2.3 Armour
 * Level 1.2 Dodging
 * Level 1.8 Stealth
 * Level 0.8 Unarmed Combat
 * Level 1.1 Invocations
 * Level 3.6 Evocations


You had 4 spell levels left.
You didn't know any spells.
Your spell library contained the following spells:

 Spells                   Type           Power        Failure   Level
 Animate Skeleton         Necr           0%           28%         1
 Pain                     Necr           0%           28%         1
 Vampiric Draining        Necr           0%           63%         3
 Animate Dead             Necr           0%           95%         4
 Agony                    Necr           0%           100%        5


Dungeon Overview and Level Annotations

Branches:
Dungeon (4/15)             Temple (0/1) D:4

Altars:
Fedhas
Nemelex Xobeh
Qazlal
Ru
Trog
Vehumet
Wu Jian
Xom


Innate Abilities, Weirdness & Mutations

You have a pair of small horns on your head.
You may emit foul miasma when damaged in melee.
You are immune to miasma.


Message History

You now have 210 gold pieces (gained 9).
Found a radiant altar of Vehumet.
Found a dagger and 11 gold pieces.
Found 14 gold pieces.
Really walk into a travel-excluded area?
Found a shiny cabochon ring.
Found a stone staircase leading up.
Really walk into that cloud of flame?
Okay, then.
Really walk into that cloud of flame?
Okay, then.
Really walk into that cloud of flame?
Okay, then.
You are engulfed in blazing flames.
You see here 11 gold pieces.
You now have 221 gold pieces (gained 11).
You are engulfed in blazing flames.
Ouch! That really hurt!
You die...
Your body disappears without a glow.

..)###..# #...##.# #.≈.#
#### #..# ##..##.# #
#...# #..# #..##.#.#
#.≈.# ...####..##.#.#
#...# . .
##...)........# #.≈.# .
.#
######..##.#########...#
#.............#≈_≈#
##.☼§..###### #≈≈≈#
##.☼.@.# ##### #..._..#
.....☼.☼☼# ....☼.....#
......$.....
.=......#.###
######<.#.# #..#.#
#..#.#


There were no monsters in sight!

Vanquished Creatures
  Crazy Yiuf (D:3)
  Ijyb (D:4)
  2 gnolls (D:3)
  6 adders
  A shadow imp (D:4)
  A worm (D:3)
  A dart slug (D:1)
  2 leopard geckos (D:1)
  3 orcs (D:3)
  3 ball pythons
  2 giant cockroaches
  11 goblins
  9 hobgoblins
  8 jackals
  8 bats
  6 frilled lizards
  9 kobolds
  14 rats
88 creatures vanquished.

Vanquished Creatures (collateral kills)
  An orc (D:3)
  A goblin (D:3)
  A hobgoblin (D:3)
  A jackal (D:3)
  A frilled lizard (D:3)
5 creatures vanquished.

Vanquished Creatures (others)
  2 gnolls (D:3)
  2 orcs (D:3)
4 creatures vanquished.

Grand Total: 97 creatures vanquished

Notes
Turn   | Place    | Note
-------+----------+-------------------------------------------
     0 | D:1      | Mattiprrivan the Demonspawn Artificer began the quest for
                  | the Orb.
     0 | D:1      | Reached XP level 1. HP: 15/15 MP: 1/1
   302 | D:1      | Reached skill level 1 in Stealth
   326 | D:1      | Gained mutation: You are immune to miasma. [demonic
                  | ancestry]
   326 | D:1      | Reached XP level 2. HP: 17/21 MP: 2/2
   742 | D:1      | Reached skill level 1 in Dodging
   764 | D:1      | Reached XP level 3. HP: 25/26 MP: 3/3
  1588 | D:2      | Found a sparkling altar of Nemelex Xobeh.
  1588 | D:2      | Found a bloodstained altar of Trog.
  1596 | D:2      | Found a faded altar of an unknown god.
  1598 | D:2      | Found a stormy altar of Qazlal.
  1600 | D:2      | Found a faded altar of an unknown god.
  1613 | D:2      | Became a worshipper of Nemelex Xobeh the Trickster
  1689 | D:2      | Found an ornate altar of the Wu Jian Council.
  1719 | D:2      | Gained mutation: You may emit foul miasma when damaged in
                  | melee. [demonic ancestry]
  1719 | D:2      | Reached XP level 4. HP: 31/32 MP: 4/4
  1738 | D:2      | Reached skill level 1 in Short Blades
  1990 | D:2      | Found a shimmering altar of Xom.
  2002 | D:2      | Found a blossoming altar of Fedhas.
  2695 | D:3      | Found a runed translucent door.
  2696 | D:3      | Noticed Crazy Yiuf
  2710 | D:3      | Killed Crazy Yiuf
  2711 | D:3      | Gained mutation: You have a pair of small horns on your
                  | head. [demonic ancestry]
  2711 | D:3      | Reached XP level 5. HP: 37/37 MP: 5/5
  2776 | D:3      | Reached skill level 1 in Polearms
  3024 | D:3      | Found a faded altar of an unknown god.
  3230 | D:3      | Reached skill level 1 in Invocations
  3414 | D:3      | Reached skill level 1 in Axes
  3606 | D:4      | Noticed Ijyb
  3621 | D:4      | Found a sacrificial altar of Ru.
  3666 | D:4      | Killed Ijyb
  3667 | D:4      | Reached skill level 1 in Long Blades
  3667 | D:4      | Reached skill level 1 in Staves
  3870 | D:4      | Reached * piety under Nemelex Xobeh
  3984 | D:4      | Found a staircase to the Ecumenical Temple.
  4040 | D:4      | Found a radiant altar of Vehumet.
  4054 | D:4      | Engulfed by a cloud of flame

Illustrated notes

Levels and vault maps discovered:
D:1:      saegor_arrival_simple_d, layout_basic
D:2:      layout_rooms, chequers_temple_overflow_minitemple,
          amethyst_overflow_temple_binary, nzn_wu_jian_contemplation
D:3:      layout_basic, chequers_ecumenical_altar_simple_redux,
          minmay_randomly_rotated_circles, uniq_crazy_yiuf_cottage
D:4:      layout_loops_ring, fiery_altar_vehumet, minmay_temple_entry_offerings,
          nicolae_ru_path_of_blood, uniq_ijyb, uniq_eustachio

Skill      XL: |  1  2  3  4  5 |
---------------+----------------+-----
Stealth        | 1 |  1.8
Dodging        | 1 |  1.2
Armour         | 2 |  2.3
Short Blades   | 1 |  1.4
Polearms       | 1 |  1.2
Invocations    | 1 |  1.1
Axes           | 1 |  1.0
Long Blades    | 1 |  1.0
Staves         | 1 |  1.1
Fighting       | |  1.5
Maces & Flails | |  0.8
Throwing       | |  0.1
Unarmed Combat | |  0.8
Evocations     | |  3.6

Action                   |  1- 3 |  4- 6 || total
-------------------------+-------+-------++-------
Melee: Spear             |    14 |       ||    14
       Short sword       |    82 |    57 ||   139
       Club              |     3 |       ||     3
       Quarterstaff      |       |    56 ||    56
       Headbutt          |       |     7 ||     7
Throw: Throwing net      |       |     1 ||     1
Evoke: Wand              |    17 |    14 ||    31
  Use: Scroll            |     8 |     6 ||    14
       Potion            |     2 |     1 ||     3
 Stab: Sleeping          |     2 |     1 ||     3
Armor: Leather armour    |    34 |    22 ||    56
Dodge: Dodged            |    62 |    55 ||   117
